 Dungeon Crawl Stone Soup version 0.23.2-33-g5129a83184 (webtiles) character file.

Game seed: 17296032578244815304

113 psyvane the Poker (level 4, 0/33 HPs)
             Began as a Merfolk Skald on July 10, 2019.
             Slain by Grinder (4 damage)
             ... on level 3 of the Dungeon.
             The game lasted 00:13:12 (3248 turns).

psyvane the Poker (Merfolk Skald)                   Turns: 3248, Time: 00:13:12

Health: 0/33       AC:  3    Str: 10 (12) XL:     4   Next: 96%
Magic:  5/7        EV: 12    Int: 11 (12) God:
Gold:   87         SH:  0    Dex: 12 (13) Spells: 2/7 levels left

rFire    . . .     SeeInvis .   a - +0 spear
rCold    . . .     Gourm    .   (no shield)
rNeg     . . .     Faith    .   b - +0 leather armour
rPois    .         Spirit   .   (no helmet)
rElec    .         Reflect  .   (no cloak)
rCorr    .         Harm     .   (no gloves)
MR       .....                  (no boots)
Stlth    +.........             (no amulet)
HPRegen  0.11/turn              (no ring)
MPRegen  0.10/turn              (no ring)

@: about to teleport
A: change form in water, swift swim, stealthy swim
a: no special abilities


You were on level 3 of the Dungeon.
You were not hungry.

You visited 1 branch of the dungeon, and saw 3 of its levels.

You collected 87 gold pieces.

Inventory:

Hand Weapons
 a - a +0 spear (weapon)
Armour
 b - a +0 leather armour (worn)
Scrolls
 e - 2 scrolls of remove curse {unknown}
 f - a scroll of identify {unknown}
 i - a scroll of fog {unknown}
 k - a scroll of random uselessness {unknown}
Potions
 h - a potion of degeneration
Comestibles
 c - a chunk of flesh
 d - 5 rations


   Skills:
 - Level 2.1 Fighting
 * Level 7.2 Polearms
 - Level 0.6 Armour
 - Level 2.6 Dodging
 - Level 2.0 Spellcasting
 - Level 3.2 Charms
 + Level 0.1 Translocations


You had 2 spell levels left.
You knew the following spells:

 Your Spells              Type           Power        Failure   Level  Hunger
a - Infusion              Chrm           #...         11%         1    ##.....
b - Shroud of Golubria    Chrm/Tloc      #.........   30%         2    ###....
c - Song of Slaying       Chrm           #.......     16%         2    ###....

Your spell library contained the following spells:

 Spells                   Type           Power        Failure   Level  Hunger
 Regeneration             Chrm/Necr      #.........   52%         3    ####...
 Spectral Weapon          Hex/Chrm       #.......     52%         3    ####...


Dungeon Overview and Level Annotations

Branches:
Dungeon (3/15)

Altars:
Ru

Annotations:
D:3 Grinder


Message History

You can move again.
You hit Grinder but do no damage. The ooze hits you.
You barely miss Grinder. Grinder hits you!
* * * LOW HITPOINT WARNING * * *
You writhe in agony.
* * * LOW HITPOINT WARNING * * *
The ooze hits you but does no damage.
As you read the scroll labeled PEQES BITT, it crumbles to dust.
You feel strangely unstable.
It was a scroll of teleportation.
Grinder barely misses you. The ooze hits you but does no damage.
Found a scroll labeled VIWYRH MITO.
Found a stone staircase leading down.
An orc comes into view. It is wielding a +0 short sword.
The orc shouts!
You hear a shout!
Your magical contamination has completely faded away.
Your surroundings seem slightly different.
As you read the scroll of teleportation, it crumbles to dust.
You feel strangely unstable.
Grinder says, "I used to sell toenails on the black market."
Grinder hits you.
You die...

###.....÷................#####
#...........#..........
#..............###....#
####......#...####.#### #
#...............# ..
####.....$......####..
#..#..........#...o
#..##..........#...>
#..#......@5......#
..##.#....J......##
...#...........## .##
###%....#.§..# ....#.######.#
.......# .. ....#### ... ....
... ... ..


You could see Grinder and an ooze.

Vanquished Creatures
  Robin (D:3)
  2 adders
  A gnoll (D:1)
  2 worms (D:2)
  2 dart slugs
  2 leopard geckos (D:2)
  An orc (D:2)
  A ball python (D:1)
  5 bats
  4 giant cockroaches
  3 hobgoblins
  4 jackals (D:2)
  7 frilled lizards
  13 goblins
  6 kobolds
  7 rats
61 creatures vanquished.

Notes
Turn   | Place    | Note
-------+----------+-------------------------------------------
     0 | D:1      | psyvane the Merfolk Skald began the quest for the Orb.
     0 | D:1      | Reached XP level 1. HP: 16/16 MP: 3/3
   375 | D:1      | Reached skill level 4 in Polearms
   375 | D:1      | Reached XP level 2. HP: 3/22 MP: 0/5
   803 | D:1      | Reached skill level 5 in Polearms
   803 | D:1      | Reached XP level 3. HP: 27/27 MP: 2/6
  1352 | D:2      | Reached skill level 6 in Polearms
  1356 | D:2      | Learned a level 2 spell: Shroud of Golubria
  1361 | D:2      | Found a sacrificial altar of Ru.
  1386 | D:2      | Reached XP level 4. HP: 33/33 MP: 2/7
  1985 | D:2      | Learned a level 2 spell: Song of Slaying
  2048 | D:3      | Noticed Robin
  2427 | D:2      | HP: 1/33 [leopard gecko (3)]
  2802 | D:3      | Killed Robin
  2802 | D:3      | Reached skill level 7 in Polearms
  2820 | D:3      | Noticed Grinder
  2822 | D:3      | HP: 1/33 [Grinder/nerve-wracking pain (3)]
  3224 | D:3      | Paralysed by Grinder for 2 turns
  3236 | D:3      | Paralysed by Grinder for 3 turns
  3248 | D:3      | Slain by Grinder

Skill      XL: |  1  2  3  4 |
---------------+-------------+-----
Polearms       | 4 5 6 7 |  7.2
Fighting       | |  2.1
Armour         | |  0.6
Dodging        | |  2.6
Spellcasting   | |  2.0
Charms         | |  3.2
Translocations | |  0.1

Action                   |  1- 3 |  4- 6 || total
-------------------------+-------+-------++-------
Melee: Spear             |   124 |   140 ||   264
 Cast: Infusion          |    10 |     3 ||    13
       Shroud of Golubri |       |    10 ||    10
       Song of Slaying   |       |     2 ||     2
  Use: Scroll            |       |     4 ||     4
       Potion            |       |     4 ||     4
 Stab: Sleeping          |     2 |     1 ||     3
  Eat: Chunk             |     2 |     5 ||     7
       Ration            |       |     1 ||     1
Armor: Leather armour    |    25 |    41 ||    66
Dodge: Dodged            |    53 |   120 ||   173
